 Dungeon Crawl Stone Soup version 0.25.1-8-g42b30a86e7 (webtiles) character file.

Game seed: 748130745482948259

7 JohnSpartan the Vexing (level 1, 0/13 HPs)
             Began as a Vampire Enchanter on Dec 22, 2020.
             Slain by a hobgoblin
             ... wielding a +0 club
              (4 damage)
             ... on level 1 of the Dungeon.
             The game lasted 00:03:08 (208 turns).

JohnSpartan the Vexing (Vampire Enchanter)           Turns: 208, Time: 00:03:08

Health: 0/13       AC:  2    Str:  6 (7)  XL:     1   Next: 91%
Magic:  1/3        EV: 13    Int: 15 (17) God:
Gold:   8          SH:  0    Dex: 14      Spells: 3/4 levels left

rFire    . . .     SeeInvis +   a - +1 dagger
rCold    . . .     Gourm    .   (no shield)
rNeg     . . .     Faith    .   b - +0 robe
rPois    .         Spirit   .   (no helmet)
rElec    .         Reflect  .   (no cloak)
rCorr    .         Harm     .   (no gloves)
MR       .....                  (no boots)
Stlth    +++.......             (no amulet)
HPRegen  0.24/turn              (no ring)
MPRegen  0.08/turn              (no ring)

@: brilliant, regenerating quickly
A: no food, fangs 3, hooves 1, see invisible, deterioration 1, unbreathing
a: Exsanguinate


You were on level 1 of the Dungeon.
You were alive.

You visited 1 branch of the dungeon, and saw 1 of its levels.

You collected 8 gold pieces.

Inventory:

Hand Weapons
 a - a +1 dagger (weapon)
Armour
 b - a +0 robe (worn)


   Skills:
 + Level 1.2 Short Blades
 + Level 2.3 Dodging
 + Level 4.6 Stealth
 + Level 2.2 Spellcasting
 + Level 4.6 Hexes


You had 3 spell levels left.
You knew the following spells:

 Your Spells              Type           Power        Failure   Level  Hunger
a - Corona                Hex            ###....      3%          1    N/A

Your spell library contained the following spells:

 Spells                   Type           Power        Failure   Level  Hunger
 Confusing Touch          Hex            ###.....     10%         3    N/A
 Tukima's Dance           Hex            ###.....     10%         3    N/A
 Ensorcelled Hibernation  Hex/Ice        ##....       13%         2    N/A
 Dazzling Flash           Conj/Hex       ##....       26%         3    N/A

Dungeon Overview and Level Annotations

Branches:
Dungeon (1/15)

Altars:


Innate Abilities, Weirdness & Mutations

You do not eat.
Your natural rate of healing is unusually fast.
You have razor-sharp teeth.
You have supernaturally acute eyesight. (SInv)
You can survive without breathing.
You have large cloven feet.
Your body sometimes deteriorates upon taking damage.


Message History

You completely miss the hobgoblin. Your kick misses the hobgoblin.
The hobgoblin barely misses you.
You barely miss the hobgoblin. You kick the hobgoblin.
The hobgoblin is severely wounded.
The hobgoblin completely misses you.
Casting: Corona (safe; 3% risk of failure)
Confirm with . or Enter, or press ? or * to list all spells.
Aiming: Corona (safe; 3% risk of failure)
Press: ? - help, Shift-Dir - straight line, f/p - hobgoblin
Aim: a hobgoblin, wielding a +0 club (severely wounded, softly glowing, chance to defeat MR: 78%)
You feel a surge of power!
The ooze struggles to resist.
The ooze barely misses you. The hobgoblin closely misses you.
You hit the hobgoblin but do no damage.
The hobgoblin is severely wounded.
The ooze hits you. The hobgoblin hits you with a +0 club.
You hit the hobgoblin but do no damage. You kick the hobgoblin.
The hobgoblin is almost dead.
The hobgoblin hits you with a +0 club.
You die...

......###.######### ....
................... ...
##.##.##........# ..# .
....#.##........#####..#..
.#.##.##...†....##........
..........................
>...............).........
.#.................##.....
.#.##.#.#.#..##.@J........
..........#..##..g.....#..
.#.##..................#
.#.####.###..###......(#..
..........................
...#............#.....##.#
.......... .....##'#### .#
...#.....
.....##.#####.#g##
.........
...........J......


You could see an ooze and a hobgoblin (corona).

Vanquished Creatures
  A leopard gecko (D:1)
  A goblin (D:1)
  A hobgoblin (D:1)
  A bat (D:1)
  3 rats (D:1)
7 creatures vanquished.

Notes
Turn   | Place    | Note
-------+----------+-------------------------------------------
     0 | D:1      | JohnSpartan the Vampire Enchanter began the quest for the
                  | Orb.
     0 | D:1      | Reached XP level 1. HP: 13/13 MP: 3/3
    18 | D:1      | Gained mutation: Your body sometimes deteriorates upon
                  | taking damage. [potion of mutation]
    18 | D:1      | Gained mutation: You have large cloven feet. [potion of
                  | mutation]
   208 | D:1      | Slain by a hobgoblin

Illustrated notes

Levels and vault maps discovered:
D:1:      lemuel_arrival_lava_pool, layout_basic, minmay_misc_feat_secret_circle

Action                   || total
-------------------------++-------
Melee: Dagger            ||    24
       Kick              ||     5
 Cast: Corona            ||     6
  Use: Potion            ||     4
       Scroll            ||     1
Armor: Robe              ||     4
Dodge: Dodged            ||    15
